3AA
OTTAWA NATIONALS @ SPRINGFIELD SHOOTERS
09/17/2025
 
TOP OF THE 1ST
Ottawa Nationals batting - Pitching for Springfield Shooters : RHP Fernando Ramírez
Pitching: RHP Fernando Ramírez
Batting: RHB Howard Fewell 0-0: Called Strike
0-1: Fly out, F8 (Flyball, 89M)
Batting: RHB Felipe Gonzáles 0-0: Ball
1-0: Ball
2-0: Ball
3-0: Swinging Strike
3-1: Called Strike
3-2: Foul Ball, location: 2F
3-2: Base on Balls
Batting: RHB Wei-qiang Mo 0-0: Ball
1-0: Swinging Strike
1-1: Swinging Strike
1-2: SINGLE (Flyball, 9LS)
Felipe Gonzáles to second
Runner from 2nd tries for 3rd, SAFE, throw made to third
Batting: RHB Alfredo Cardenas 0-0: Ball
1-0: Foul Ball, location: 2F
1-1: Ball
2-1: Ball
3-1: Foul Ball, location: 2F
3-2: TRIPLE (Flyball, 9LM)
Felipe Gonzáles scores
Wei-qiang Mo scores
Batting: LHB Manuel Sánchez 0-0: Called Strike
Passed Ball!
Alfredo Cardenas scores
0-1: Foul Ball, location: 2F
0-2: Ball
1-2: DOUBLE (Flyball, 9D)
Batting: SHB Martín Marrero 0-0: SINGLE (Line Drive, 8LS)
Manuel Sánchez to third
Runner from 3rd tries for Home, throw and OUT!
Batting: RHB Michael Peterson 0-0: Ball
1-0: Ball
2-0: Foul Ball, location: 2F
2-1: Ball
3-1: Base on Balls
Martín Marrero to second
Batting: RHB Warren Martin 0-0: Swinging Strike
0-1: Ball
1-1: Ball
2-1: 3-RUN HOME RUN (Flyball, 7D), Distance : 370 ft
Batting: LHB Javier Hernández 0-0: Foul Ball, location: 2F
0-1: Ball
1-1: Called Strike
1-2: SOLO HOME RUN (Flyball, 9LD), Distance : 356 ft
Batting: RHB Howard Fewell 0-0: Called Strike
0-1: Fly out, F9 (Flyball, 9)
Top of the 1st over - 7 run(s), 6 hit(s), 0 error(s), 0 left on base; Ottawa 7 - Springfield 0
BOTTOM OF THE 1ST
Springfield Shooters batting - Pitching for Ottawa Nationals : RHP Carlos Domínguez
Pitching: RHP Carlos Domínguez
Batting: RHB Roberto Alonzo 0-0: SINGLE (Groundball, 56D)
Batting: LHB Gabriel Díaz 0-0: Called Strike
0-1: Ball
1-1: Ball
2-1: Foul Ball, location: 2F
2-2: Ball
3-2: Fly out, F8 (Flyball, 8RD)
Batting: RHB Marcos Adame 0-0: Ball
1-0: Called Strike
1-1: Fly out, F5 (Line Drive, 56)
Batting: RHB Fernando Rivera 0-0: Called Strike
0-1: Ball
1-1: Foul Ball, location: 2F
1-2: Ball
2-2: Ball
3-2: Fly out, F7 (Flyball, 7S)
Bottom of the 1st over - 0 run(s), 1 hit(s), 0 error(s), 1 left on base; Ottawa 7 - Springfield 0
TOP OF THE 2ND
Ottawa Nationals batting - Pitching for Springfield Shooters : RHP Fernando Ramírez
Batting: RHB Felipe Gonzáles 0-0: Called Strike
0-1: Ball
1-1: Ball
2-1: Foul Ball, location: 2F
2-2: Ball
3-2: Fly out, F3 (Popup, 34)
Batting: RHB Wei-qiang Mo 0-0: Swinging Strike
0-1: Ball
1-1: Ground out 5-3 (Groundball, 56)
Batting: RHB Alfredo Cardenas 0-0: Foul Ball, location: 2F
0-1: Foul Ball, location: 2F
0-2: Ball
1-2: Strikes out looking
Top of the 2nd over - 0 run(s), 0 hit(s), 0 error(s), 0 left on base; Ottawa 7 - Springfield 0
BOTTOM OF THE 2ND
Springfield Shooters batting - Pitching for Ottawa Nationals : RHP Carlos Domínguez
Batting: LHB John Ennis 0-0: Ball
1-0: Called Strike
1-1: Swinging Strike
1-2: Ball
2-2: Foul Ball, location: 2F
2-2: Ball
3-2: Base on Balls
Batting: RHB Bubba Blevins 0-0: Grounds into double play, 6-4-3 (Groundball, 56)
Batting: RHB Grady Walkinshaw 0-0: SOLO HOME RUN (Flyball, 9D), Distance : 364 ft
Batting: RHB Ty Struck 0-0: Called Strike
0-1: Fly out, F6 (Line Drive, 6)
Bottom of the 2nd over - 1 run(s), 1 hit(s), 0 error(s), 0 left on base; Ottawa 7 - Springfield 1
TOP OF THE 3RD
Ottawa Nationals batting - Pitching for Springfield Shooters : RHP Fernando Ramírez
Batting: LHB Manuel Sánchez 0-0: Ground out 4-3 (Groundball, 4)
Batting: SHB Martín Marrero 0-0: Called Strike
0-1: Ground out 1-3 (Groundball, 13)
Batting: RHB Michael Peterson 0-0: Ball
1-0: SINGLE (Groundball, 6MD)
Batting: RHB Warren Martin 0-0: Ball
1-0: Ball
2-0: Fly out, F8 (Flyball, 8LS)
Top of the 3rd over - 0 run(s), 1 hit(s), 0 error(s), 1 left on base; Ottawa 7 - Springfield 1
BOTTOM OF THE 3RD
Springfield Shooters batting - Pitching for Ottawa Nationals : RHP Carlos Domínguez
Batting: RHB Javier De Jesús 0-0: Ball
1-0: Ball
2-0: Ball
3-0: Called Strike
3-1: Called Strike
3-2: Foul Ball, location: 2F
3-2: Fly out, F4 (Popup, 4D)
Batting: RHB Roberto Alonzo 0-0: Called Strike
0-1: SINGLE (Groundball, 56D)
Batting: LHB Gabriel Díaz 0-0: Ball
1-0: Foul Ball, location: 2F
1-1: Ball
2-1: Called Strike
2-2: Ball
3-2: Fly out, F7 (Flyball, 7S)
Batting: RHB Marcos Adame 0-0: Fly out, F4 (Popup, 34D)
Bottom of the 3rd over - 0 run(s), 1 hit(s), 0 error(s), 1 left on base; Ottawa 7 - Springfield 1
TOP OF THE 4TH
Ottawa Nationals batting - Pitching for Springfield Shooters : RHP Fernando Ramírez
Batting: LHB Javier Hernández 0-0: Swinging Strike
0-1: Foul Ball, location: 2F
0-2: Ball
1-2: Strikes out looking
Batting: RHB Howard Fewell 0-0: Ball
1-0: Ball
2-0: Ground out 5-3 (Groundball, 56)
Batting: RHB Felipe Gonzáles 0-0: Ground out 4-3 (Groundball, 4)
Top of the 4th over - 0 run(s), 0 hit(s), 0 error(s), 0 left on base; Ottawa 7 - Springfield 1
BOTTOM OF THE 4TH
Springfield Shooters batting - Pitching for Ottawa Nationals : RHP Carlos Domínguez
Batting: RHB Fernando Rivera 0-0: Ball
1-0: SINGLE (Flyball, 8LS)
Batting: LHB John Ennis 0-0: Ball
1-0: Called Strike
1-1: Ball
2-1: Foul Ball, location: 2F
2-2: Strikes out looking
Batting: RHB Bubba Blevins 0-0: Called Strike
0-1: SINGLE (Line Drive, 9S)
Fernando Rivera to second
Batting: RHB Grady Walkinshaw 0-0: Called Strike
0-1: Called Strike
Fernando Rivera steals 3rd base
Bubba Blevins to second
0-2: Ball
1-2: Ball
2-2: Ball
3-2: Foul Ball, location: 2F
3-2: SINGLE (Line Drive, 34D)
Fernando Rivera scores
Bubba Blevins to third
Runner from 3rd tries for Home, SAFE, throw made home
Grady Walkinshaw to second
Batting: RHB Ty Struck 0-0: Ball
1-0: DOUBLE (Line Drive, 9LD)
Grady Walkinshaw scores
Batting: RHB Javier De Jesús 0-0: Foul Ball, location: 2F
0-1: SINGLE (Groundball, 34) (infield hit)
Ty Struck to third
Batting: RHB Roberto Alonzo 0-0: Ball
Javier De Jesús steals 2nd base
1-0: Ball
2-0: Foul Ball, location: 2F
2-1: SINGLE (Groundball, 6MD)
Ty Struck scores
Javier De Jesús to third
Runner from 3rd tries for Home, SAFE, no throw
Batting: LHB Gabriel Díaz 0-0: Fielders Choice at 2nd, 1-6 (Groundball, 13)
Batting: RHB Marcos Adame 0-0: Called Strike
0-1: Called Strike
0-2: Ball
1-2: Strikes out swinging
Bottom of the 4th over - 5 run(s), 6 hit(s), 0 error(s), 1 left on base; Ottawa 7 - Springfield 6
TOP OF THE 5TH
Ottawa Nationals batting - Pitching for Springfield Shooters : RHP Fernando Ramírez
Pitching: LHP Song-saeng Kim
Batting: RHB Wei-qiang Mo 0-0: Called Strike
0-1: SOLO HOME RUN (Flyball, 78XD), Distance : 405 ft
Batting: RHB Alfredo Cardenas 0-0: Called Strike
0-1: Ball
1-1: Foul Ball, location: 2F
1-2: Foul Ball, location: 2F
1-2: Strikes out swinging
Batting: LHB Manuel Sánchez 0-0: Foul Ball, location: 2F
0-1: Foul Ball, location: 2F
0-2: Strikes out swinging
Batting: SHB Martín Marrero 0-0: Called Strike
0-1: Ball
1-1: SINGLE (Line Drive, 7S)
Batting: RHB Michael Peterson 0-0: Foul Ball, location: 2F
0-1: Swinging Strike
0-2: Ball
1-2: Strikes out swinging
Top of the 5th over - 1 run(s), 2 hit(s), 0 error(s), 1 left on base; Ottawa 8 - Springfield 6
BOTTOM OF THE 5TH
Springfield Shooters batting - Pitching for Ottawa Nationals : RHP Carlos Domínguez
Pitching: RHP Theodore Wood
Batting: RHB Fernando Rivera 0-0: Foul Ball, location: 2F
0-1: Ground out 6-3 (Groundball, 6)
Batting: LHB John Ennis 0-0: Called Strike
0-1: Fly out, F6 (Popup, 6D)
Batting: RHB Bubba Blevins 0-0: Ball
1-0: Ball
2-0: Ball
3-0: Called Strike
3-1: Base on Balls
Batting: RHB Grady Walkinshaw 0-0: Ball
1-0: Foul Ball, location: 2F
1-1: Foul Ball, location: 2F
1-2: Ball
2-2: Ball
3-2: Base on Balls
Bubba Blevins to second
Batting: RHB Ty Struck 0-0: Called Strike
0-1: Ball
1-1: Ball
2-1: Ball
3-1: SINGLE (Flyball, 78S)
Bubba Blevins to third
Grady Walkinshaw to second
Runner from 3rd tries for Home, SAFE, no throw
Batting: RHB Javier De Jesús 0-0: Called Strike
0-1: Swinging Strike
0-2: Ball
1-2: Fielders Choice at 2nd, 4-6 (Groundball, 4)
Bottom of the 5th over - 1 run(s), 1 hit(s), 0 error(s), 1 left on base; Ottawa 8 - Springfield 7
TOP OF THE 6TH
Ottawa Nationals batting - Pitching for Springfield Shooters : LHP Song-saeng Kim
Batting: RHB Warren Martin 0-0: Called Strike
0-1: Ball
1-1: Ball
2-1: Called Strike
2-2: Strikes out swinging
Batting: LHB Javier Hernández 0-0: Swinging Strike
0-1: Called Strike
0-2: Hit by Pitch
Batting: RHB Howard Fewell 0-0: Ball
1-0: Called Strike
1-1: Ball
2-1: Ball
3-1: Called Strike
3-2: Foul Ball, location: 2F
3-2: Base on Balls
Javier Hernández to second
Batting: RHB Felipe Gonzáles 0-0: Swinging Strike
0-1: Ball
1-1: Foul Ball, location: 2F
1-2: Strikes out looking
Batting: RHB Wei-qiang Mo 0-0: Called Strike
0-1: Fielders Choice at 2nd, U6 (Groundball, 6M)
Top of the 6th over - 0 run(s), 0 hit(s), 0 error(s), 2 left on base; Ottawa 8 - Springfield 7
BOTTOM OF THE 6TH
Springfield Shooters batting - Pitching for Ottawa Nationals : RHP Theodore Wood
Batting: RHB Roberto Alonzo 0-0: Fly out, F9 (Flyball, 89M)
Batting: LHB Gabriel Díaz 0-0: Called Strike
0-1: Ball
1-1: Foul Ball, location: 2F
1-2: Ball
2-2: Ball
3-2: Foul Ball, location: 2F
3-2: Foul Ball, location: 2F
3-2: Base on Balls
Batting: RHB Marcos Adame 0-0: Called Strike
0-1: Fielders Choice at 2nd, 1-6 (Groundball, 13S)
Batting: RHB Fernando Rivera 0-0: Called Strike
Marcos Adame is caught stealing 2nd base
Bottom of the 6th over - 0 run(s), 0 hit(s), 0 error(s), 0 left on base; Ottawa 8 - Springfield 7
TOP OF THE 7TH
Ottawa Nationals batting - Pitching for Springfield Shooters : LHP Song-saeng Kim
Batting: RHB Alfredo Cardenas 0-0: Fly out, F8 (Flyball, 8RS)
Batting: LHB Manuel Sánchez 0-0: Ball
1-0: Ball
2-0: Ball
3-0: Base on Balls
Batting: SHB Martín Marrero 0-0: Called Strike
Manuel Sánchez steals 2nd base
0-1: Ground out 6-3 (Groundball, 6)
Manuel Sánchez to third
Batting: RHB Michael Peterson 0-0: Swinging Strike
0-1: Called Strike
0-2: Ball
1-2: Ball
2-2: Ball
3-2: Base on Balls
Pitching: LHP Tim Allen
Batting: RHB Warren Martin 0-0: Swinging Strike
0-1: Ball
1-1: Ground out 4-3 (Groundball, 4M)
Top of the 7th over - 0 run(s), 0 hit(s), 0 error(s), 2 left on base; Ottawa 8 - Springfield 7
BOTTOM OF THE 7TH
Springfield Shooters batting - Pitching for Ottawa Nationals : RHP Theodore Wood
Batting: RHB Fernando Rivera 0-0: Ball
1-0: Fly out, F8 (Line Drive, 8RM)
Batting: LHB John Ennis 0-0: Ball
1-0: Ball
2-0: Ball
3-0: Base on Balls
Batting: RHB Bubba Blevins 0-0: SINGLE (Groundball, 4) (infield hit)
John Ennis to second
Batting: RHB Grady Walkinshaw 0-0: Ball
1-0: Ball
2-0: Ball
3-0: Base on Balls
John Ennis to third
Bubba Blevins to second
Batting: RHB Ty Struck 0-0: Ball
1-0: Ball
2-0: Ball
3-0: Called Strike
3-1: Called Strike
3-2: Base on Balls
John Ennis scores
Bubba Blevins to third
Grady Walkinshaw to second
Pinch Hitting: RHB Micheal Murdoch 0-0: Ball
1-0: SINGLE (Groundball, 6MD)
Bubba Blevins scores
Grady Walkinshaw to third
Ty Struck to second
Runner from 3rd tries for Home, SAFE, throw made home
Ty Struck to third
Micheal Murdoch to second
Pitching: RHP Neal Davis
Batting: RHB Roberto Alonzo 0-0: Ball
1-0: Ball
2-0: Called Strike
2-1: Swinging Strike
2-2: Ball
3-2: Base on Balls
Batting: LHB Gabriel Díaz 0-0: Called Strike
0-1: Called Strike
0-2: Foul Ball, location: 2F
0-2: Fly out, F9 (Flyball, 89D)
Runner from 3rd tags up, SCORES, no throw
Batting: RHB Marcos Adame 0-0: Called Strike
0-1: Foul Ball, location: 2F
0-2: Ball
1-2: Fly out, F8 (Line Drive, 8LD)
Bottom of the 7th over - 4 run(s), 2 hit(s), 0 error(s), 2 left on base; Ottawa 8 - Springfield 11
TOP OF THE 8TH
Ottawa Nationals batting - Pitching for Springfield Shooters : LHP Tim Allen
Now in LF: Micheal Murdoch
Batting: LHB Javier Hernández 0-0: Foul Ball, location: 2F
0-1: Foul Ball, location: 2F
0-2: Strikes out looking
Batting: RHB Howard Fewell 0-0: Called Strike
0-1: Ball
1-1: Ball
2-1: Foul Ball, location: 2F
2-2: Strikes out swinging
Batting: RHB Felipe Gonzáles 0-0: Called Strike
0-1: Foul Ball, location: 2F
0-2: Fly out, F9 (Flyball, 9)
Top of the 8th over - 0 run(s), 0 hit(s), 0 error(s), 0 left on base; Ottawa 8 - Springfield 11
BOTTOM OF THE 8TH
Springfield Shooters batting - Pitching for Ottawa Nationals : RHP Neal Davis
Batting: RHB Fernando Rivera 0-0: Ball
1-0: Ground out 6-3 (Groundball, 6)
Batting: LHB John Ennis 0-0: Called Strike
0-1: Called Strike
0-2: Foul Ball, location: 2F
0-2: Ball
1-2: Foul Ball, location: 2F
1-2: Strikes out swinging
Batting: RHB Bubba Blevins 0-0: Foul Ball, location: 2F
0-1: Fly out, F7 (Flyball, 7)
Bottom of the 8th over - 0 run(s), 0 hit(s), 0 error(s), 0 left on base; Ottawa 8 - Springfield 11
TOP OF THE 9TH
Ottawa Nationals batting - Pitching for Springfield Shooters : LHP Tim Allen
Pitching: LHP Walt Cooley
Batting: RHB Wei-qiang Mo 0-0: Ball
1-0: SINGLE (Groundball, 6MD)
Batting: RHB Alfredo Cardenas 0-0: Called Strike
0-1: Foul Ball, location: 2F
0-2: Ball
1-2: SINGLE (Flyball, 7S)
Wei-qiang Mo to second
Pinch Hitting: RHB Louis Espinosa 0-0: Foul Ball, location: 2F
0-1: Foul Ball, location: 2F
0-2: Foul Ball, location: 2F
0-2: Ball
1-2: Ball
2-2: Grounds into double play, 4-6-3 (Groundball, 4)
Wei-qiang Mo to third
Batting: SHB Martín Marrero 0-0: Called Strike
0-1: Swinging Strike
0-2: Ground out 4-3 (Groundball, 4)
Top of the 9th over - 0 run(s), 2 hit(s), 0 error(s), 1 left on base; Ottawa 8 - Springfield 11
Friday, December 30th, 2016 - OOTP Baseball 17.12 Build 75